 Dungeon Crawl Stone Soup version 0.30-a0-728-gc68057be0a (webtiles) character file.

Game seed: 621090874045475487

2702 erofeev the Grappler (level 9, -4/83 HPs)
             Began as a Troll Berserker on Jan 30, 2023.
             Was an Elder of Trog.
             Splashed by a jelly's acid (6 damage)
             ... on level 6 of the Dungeon.
             The game lasted 00:18:21 (8478 turns).

erofeev the Grappler (Troll Berserker)              Turns: 8478, Time: 00:18:21

Health: -4/83      AC: -4    Str: 31    XL:     9   Next: 38%
Magic:  8/8        EV: 16    Int:  7    God:    Trog [****..]
Gold:   273        SH:  0    Dex:  9    Spells: 8/8 levels left

rFire   . . .      SeeInvis .      - Unarmed
rCold   x . .      Faith    +    (no shield)
rNeg    . . .      Spirit   .    a - +0 animal skin
rPois   .          Reflect  .    r - +2 hat
rElec   .          Harm     .    w - +1 cloak "Paepreuq" {rC- Regen+ Int+4 Stlth+}
rCorr   .          Rampage  .    (gloves unavailable)
Will    .....                    (boots unavailable)
Stlth   +++                      b - amulet of faith
HPRegen 1.93/turn                e - +5 ring of evasion
MPRegen 0.11/turn                (no ring)

@: lethally poisoned (-4 -> -8), corroded
A: large, unfitting armour, claws 3, regeneration 1, shaggy fur 1, tough skin 1
a: Renounce Religion, Berserk, Trog's Hand, Brothers in Arms


You were on level 6 of the Dungeon.
You worshipped Trog.
Trog was greatly pleased with you.
You visited 1 branch of the dungeon, and saw 7 of its levels.

You collected 393 gold pieces.
You spent 120 gold pieces at shops.

Inventory:

Missiles
 k - a throwing net (quivered)
Armour
 a - a +0 animal skin (worn)
 g - a +0 cloak
 l - a scarf of resistance
 p - a +0 pair of boots
 r - a +2 hat (worn)
 w - the +1 cloak "Paepreuq" (worn) {rC- Regen+ Int+4 Stlth+}
   (You acquired it on level 5 of the Dungeon)

   Int:       It affects your intelligence (+4).
   rC:        It makes you vulnerable to cold.
   Regen:     It increases your rate of health regeneration.
   Stlth:     It makes you more stealthy.
Jewellery
 b - an amulet of faith (around neck)
 e - a +5 ring of evasion (left claw)
Wands
 i - a wand of digging (3)
 q - a wand of mindburst (5)
 x - a wand of polymorph (7)
 y - a wand of iceblast (9)
Scrolls
 h - 3 scrolls of magic mapping
 j - a scroll of enchant weapon
 o - a scroll of blinking
 s - a scroll of teleportation
 t - 2 scrolls of butterflies
Potions
 c - 6 potions of curing
 d - 4 potions of flight
 f - 2 potions of resistance
 m - a potion of mutation {unknown}
 n - a potion of heal wounds


   Skills:
 + Level 3.6 Fighting
 + Level 5.7 Dodging
 + Level 3.1 Stealth
 + Level 9.9 Unarmed Combat


You had 8 spell levels left.
You didn't know any spells.
Your spell library was empty.

Dungeon Overview and Level Annotations

Branches:
Dungeon (7/15)             Temple (0/1) D:5

Altars:
Cheibriados
Dithmenos
Elyvilon
Sif Muna
Vehumet
Wu Jian
The Shining One

Shops:
D:1 *


Innate Abilities, Weirdness & Mutations

You are too large for most types of armour.
You have claws for hands.
Your natural rate of healing is unusually fast.
You are covered in fur. (AC +1)
You have tough skin. (AC +1)


Message History

You feel better. The killer bee barely misses you. The killer bee stings you.
You are poisoned.
The killer bee poisons you! The killer bee stings you.
The killer bee completely misses you. The jelly hits you.
The acid corrodes you!
You are splashed with acid!
The killer bee stings you.
You are more poisoned.
The killer bee poisons you! The killer bee misses you.
The killer bee closely misses you. x2
You mangle the killer bee!!
You kill the killer bee!
Trog accepts your kill.
You feel very sick. The killer bee stings you.
You are more poisoned.
The killer bee poisons you! The killer bee closely misses you.
The killer bee misses you. The jelly hits you.
You are splashed with acid.
The killer bee stings you. The killer bee stings you!
* * * LOW HITPOINT WARNING * * *
The killer bee barely misses you.
The killer bee attacks as you move away!
The killer bee misses you.
You feel very sick. The killer bee stings you.
* * * LOW HITPOINT WARNING * * *
The jelly hits you.
* * * LOW HITPOINT WARNING * * *
The acid corrodes you!
You are splashed with acid.
* * * LOW HITPOINT WARNING * * *
The killer bee completely misses you. The killer bee closely misses you.
The killer bee misses you.
Things that are here:
a killer bee corpse; a killer bee corpse You feel very sick.
The killer bee stings you.
* * * LOW HITPOINT WARNING * * *
You are more poisoned.
The killer bee poisons you! The jelly hits you.
* * * LOW HITPOINT WARNING * * *
You are splashed with acid.
You die...

##..###..###...##.##+#...(.......
.....'.....#...#.....#...........
.....#.....#...#.....#...........
.....#.....#...#.....#...........
#######...##...#######...........
###..##...###'###...#......##....
....................#......##.#..
...(...........y....#......##.#..
..............yy@...#......##....
...............J.[..#......######
..............>.....'......#
#####################......#
########


You could see a jelly and 3 killer bees.

Vanquished Creatures
  A boulder beetle (D:6)
  Pikel (D:5)
  A water moccasin (D:6)
  2 black bears (D:5)
  2 bullfrogs (D:6)
  3 necrophages (D:5)
  3 scorpions
  3 killer bees (D:6)
  A howler monkey (D:3)
  A crimson imp (D:6)
  A jelly (D:5)
  5 hounds
  An orc priest (D:6)
  Terence (D:3)
  8 iguanas
  Natasha (twice) (D:3)
  An orc wizard (D:5)
  5 adders
  4 gnolls (D:5)
  4 worms
  2 dart slugs
  18 orcs
  An endoplasm (D:1)
  3 giant cockroaches
  8 goblins
  5 hobgoblins
  5 kobolds
  4 quokkas
  8 ball pythons
  4 bats
  2 frilled lizards
  2 goblin zombies (D:6)
  4 hobgoblin zombies (D:6)
  A kobold skeleton (D:6)
  2 kobold zombies (D:6)
  An orc skeleton (D:6)
  4 rats
124 creatures vanquished.

Vanquished Creatures (others)
  9 plants (D:4)
9 creatures vanquished.

Grand Total: 133 creatures vanquished

Notes
Turn   | Place    | Note
-------+----------+-------------------------------------------
     0 | D:1      | erofeev the Troll Berserker began the quest for the Orb.
     0 | D:1      | Reached XP level 1. HP: 22/22 MP: 0/0
   488 | D:1      | Reached XP level 2. HP: 28/29 MP: 1/1
   997 | D:1      | Found Boint's Assorted Antiques.
  1007 | D:1      | Bought a small bronze ring for 100 gold pieces
  1258 | D:1      | Reached ** piety under Trog
  1302 | D:2      | Reached XP level 3. HP: 36/36 MP: 2/2
  2271 | D:1      | Bought a scroll labelled WOXKUODOIG for 20 gold pieces
  2366 | D:3      | Noticed Natasha
  2383 | D:3      | Killed Natasha
  2385 | D:3      | Noticed Terence
  2398 | D:3      | Killed Terence
  2399 | D:3      | Reached skill level 4 in Unarmed Combat
  2399 | D:3      | Reached XP level 4. HP: 32/44 MP: 3/3
  2532 | D:3      | Found a snail-covered altar of Cheibriados.
  2721 | D:3      | Found a radiant altar of Vehumet.
  2734 | D:3      | Noticed Natasha
  2752 | D:3      | Killed Natasha
  3040 | D:3      | Reached XP level 5. HP: 53/53 MP: 4/4
  3278 | D:3      | Found a shadowy altar of Dithmenos.
  3582 | D:4      | Reached skill level 5 in Unarmed Combat
  3810 | D:4      | Found a white marble altar of Elyvilon.
  3919 | D:4      | Reached *** piety under Trog
  4505 | D:4      | Found an ornate altar of the Wu Jian Council.
  4751 | D:4      | Reached skill level 1 in Stealth
  4751 | D:4      | Reached XP level 6. HP: 58/61 MP: 5/5
  4922 | D:5      | Entered Level 5 of the Dungeon
  5066 | D:5      | Reached skill level 6 in Unarmed Combat
  5184 | D:5      | Reached XP level 7. HP: 67/67 MP: 6/6
  5911 | D:5      | Noticed Pikel
  5919 | D:5      | Killed Pikel
  5920 | D:5      | Reached skill level 7 in Unarmed Combat
  5920 | D:5      | Reached XP level 8. HP: 75/75 MP: 7/7
  5995 | D:5      | Found a staircase to the Ecumenical Temple.
  6298 | D:5      | Identified a scroll of acquirement
  6298 | D:5      | Acquired the +1 cloak "Paepreuq" {rC- Regen+ Int+4 Stlth+}
  6408 | D:5      | Found a shimmering blue altar of Sif Muna.
  6575 | D:5      | Reached skill level 8 in Unarmed Combat
  6996 | D:6      | Reached skill level 5 in Dodging
  7519 | D:6      | Reached **** piety under Trog
  7605 | D:6      | Found a glowing golden altar of the Shining One.
  7853 | D:6      | Identified the +1 robe "Ytirip" {+Inv rPois Will+}
  8050 | D:6      | Noticed a boulder beetle
  8067 | D:6      | Killed a boulder beetle
  8068 | D:6      | Reached skill level 9 in Unarmed Combat
  8068 | D:6      | Reached XP level 9. HP: 58/83 MP: 8/8
  8478 | D:6      | HP: 2/83 [jelly (3)]
  8478 | D:6      | Splashed by a jelly's acid

Illustrated notes

Levels and vault maps discovered:
D:1:      minmay_arrival_semitransparent, layout_loops_ring, serial_shops, shop,
          corexii_item_surrounded_by_moat, minmay_misc_feat_tower,
          minmay_tetromino_l4
D:2:      layout_rooms, grunt_decor_junction
D:3:      layout_basic, old_standard_altar, lemuel_tele_altar,
          lemuel_coloured_pillars_altar, uniq_natasha, uniq_terence
D:4:      layout_basic, nzn_wu_jian_council_hall,
          mainiacjoe_overflow_tiny_flanked, chequers_jeans, nrook_loot_triangle,
          kennysheep_boxes
D:5:      layout_basic, lemuel_blue_sif_altar, minmay_temple_entry_poolview,
          uniq_pikel
D:6:      layout_gridville, nicolae_tso_besieged_by_evil, minmay_small_thing
D:7:      cheibrodos_shockbox, layout_basic, gammafunk_temple_overflow_wave,
          grunt_ministairs_10, uniq_menkaure

Skill      XL: |  1  2  3  4  5  6  7  8 |
---------------+-------------------------+-----
Unarmed Combat | 4 5 6 7 9 |  9.9
Fighting       | 3 |  3.6
Dodging        | 3 4 5 |  5.7
Stealth        | 1 2 3 |  3.1

Action                     |  1- 3 |  4- 6 |  7- 9 || total
---------------------------+-------+-------+-------++-------
  Melee: Unarmed           |   103 |    77 |   157 ||   337
         Punch             |     2 |     5 |     6 ||    13
 Invoke: Berserk           |       |     1 |     4 ||     5
    Use: Scroll            |     6 |     4 |     7 ||    17
         Potion            |       |       |     2 ||     2
   Stab: Sleeping          |       |     2 |     5 ||     7
 Armour: Animal skin       |    27 |    23 |    52 ||   102
  Dodge: Dodged            |    48 |    58 |   201 ||   307

Table legend: (Time is in decaauts)
 A = Elapsed time spent in this place.
 B = Non-inter-level travel time spent in this place.
 C = Inter-level travel time spent in this place.
 D = Time resting spent in this place.
 E = Time spent auto-exploring this place.
 F = Levels seen in this place.
 G = Mean time per level.
                   A        B        C        D        E       F      G
               +--------+--------+--------+--------+--------+-----+--------+
         Total |   8495 |   8240 |    255 |   2762 |   1829 |   7 | 1213.6 |
       Dungeon |   8495 |   8240 |    255 |   2762 |   1829 |   7 | 1213.6 |
               +--------+--------+--------+--------+--------+-----+--------+

Top non-repeatable levels by time:
     D:5: 2034 daAuts
     D:6: 1523 daAuts
     D:1: 1378 daAuts
     D:4: 1374 daAuts
     D:3: 1198 daAuts
     D:2: 977 daAuts
     D:7: 9 daAuts
